 Dungeon Crawl Stone Soup version 0.25-a0-632-g7713895 (webtiles) character file.

Game seed: 10198964191355379170, levelgen mode: deterministic

182 BlueFish the Sneak (level 5, 0/51 HPs)
             Began as an Octopode Assassin on Mar 19, 2020.
             Slain by a worker ant (3 damage)
             ... on level 4 of the Dungeon.
             The game lasted 00:09:05 (2430 turns).

BlueFish the Sneak (Octopode Assassin)              Turns: 2430, Time: 00:09:05

Health: 0/51       AC: 22    Str: 10    XL:     5   Next: 62%
Magic:  5/5        EV:  2    Int: 14    God:
Gold:   118        SH:  0    Dex: 14    Spells: 4/4 levels left

rFire    . . .     SeeInvis .   i - +2 dagger (vamp)
rCold    . . .     Gourm    .   (no shield)
rNeg     + + +     Faith    .   (helmet currently unavailable)
rPois    +         Spirit   .   (no amulet)
rElec    .         Reflect  .   j - ring of protection from magic
rCorr    .         Harm     .   (no ring)
MR       +....     NoTele   +   (no ring)
Stlth    ++++......             (no ring)
HPRegen  0.17/turn              (no ring)
MPRegen  0.09/turn              (no ring)
                                (no ring)
                                (no ring)

@: lethally poisoned (0 -> -9), tree-form
A: almost no armour, stealthy swim, (amphibious), 8 rings, (constrict 8)
a: no special abilities


You were on level 4 of the Dungeon.
You were not hungry.
You were a tree.
You visited 1 branch of the dungeon, and saw 4 of its levels.

You collected 118 gold pieces.

Inventory:

Hand Weapons
 a - a +2 dagger
 i - a +2 vampiric dagger (weapon)
 r - a +0 dagger of venom
Missiles
 b - 20 poisoned darts (quivered)
 c - 2 curare-tipped darts
 l - 4 boomerangs
Jewellery
 j - a ring of protection from magic (left branch)
 s - an uncursed amulet of regeneration
Wands
 k - a wand of scattershot (6)
Scrolls
 m - 4 scrolls of identify {unknown}
 n - 2 scrolls of remove curse {unknown}
 o - a scroll of amnesia {unknown}
 q - a scroll of blinking {unknown}
Potions
 e - a potion of curing {unknown}
 f - a potion of magic {unknown}
 g - a potion of lignification
 h - a potion of haste {unknown}
 p - a potion of brilliance {unknown}
Comestibles
 d - 7 rations
 t - 6 chunks of flesh


   Skills:
 + Level 2.2 Fighting
 * Level 3.1 Short Blades
 * Level 2.5 Throwing
 * Level 2.3 Dodging
 * Level 7.5 Stealth


You had 4 spell levels left.
You didn't know any spells.
Your spell library was empty.

Dungeon Overview and Level Annotations

Branches:
Dungeon (4/15)
 Temple: D:4-7

Altars:
Nemelex Xobeh
Sif Muna
Xom

Shops:
D:4 (


Innate Abilities, Weirdness & Mutations

You cannot wear most types of armour.
You are very stealthy in the water. (Stealth+)
((You are amphibious.))
You can wear up to eight rings at the same time.
((You can use your tentacles to constrict eight enemies at once.))
((Your skin changes colour to match your surroundings (Stealth+).))
((Your rubbery body absorbs attacks. (AC +1, EV +1)))


Message History

Your grab misses the worker ant.
The worker ant is moderately wounded.
You feel sick. The worker ant barely misses you.
The worker ant completely misses you.
You feel sick. The worker ant bites you.
* * * LOW HITPOINT WARNING * * *
You are more poisoned.
The worker ant poisons you!
* * * LOW HITPOINT WARNING * * *
You feel sick.
* * * LOW HITPOINT WARNING * * *
You feel sick.
You see here a club.
It was a potion of lignification.
You turn into a tree.
Your roots penetrate the ground.
* * * LOW HITPOINT WARNING * * *
You feel sick. The worker ant bites you.
* * * LOW HITPOINT WARNING * * *
The worker ant bites you.
You die...

#...###.. ... #.# #
#..#.## #.# ##.# ##.
#.....# #.###.##
...#####...#
#####(..##
...#.....###..[...##
#.#.........####.#
##.........### #.#
#####...........#
#.#
###...#'#..a♣.....#
#.####
...[..'∩'.#a#.....#
#....#
###.###'###.#....##
#.##.# #..##.#...##
#.##.# ##.##.#...#
#.##.#
.......)...#...#
#.##.#
..|.<......#...#
#.##.#
#######.##.#...#
##.##.# #.# .#...#
##.....#


You could see 2 worker ants.

Vanquished Creatures
  An orc wizard (D:4)
  A worker ant (D:4)
  4 adders
  An ooze (D:2)
  An adder zombie (D:3)
  3 worms
  2 dart slugs
  6 leopard geckos
  2 orcs
  A ball python (D:1)
  A giant cockroach (D:3)
  6 goblins
  7 hobgoblins
  8 jackals
  6 bats
  2 frilled lizards
  10 kobolds
  4 rats
66 creatures vanquished.

Notes
Turn   | Place    | Note
-------+----------+-------------------------------------------
     0 | D:1      | BlueFish the Octopode Assassin began the quest for the Orb.
     0 | D:1      | Reached XP level 1. HP: 14/14 MP: 1/1
   249 | D:1      | Reached XP level 2. HP: 18/19 MP: 2/2
   272 | D:1      | Reached skill level 6 in Stealth
   672 | D:1      | Reached XP level 3. HP: 19/24 MP: 3/3
  1434 | D:2      | Found a shimmering blue altar of Sif Muna.
  1483 | D:2      | Reached XP level 4. HP: 29/29 MP: 4/4
  1773 | D:2      | Found a sparkling altar of Nemelex Xobeh.
  1964 | D:3      | Reached skill level 7 in Stealth
  2234 | D:3      | Reached XP level 5. HP: 34/34 MP: 5/5
  2307 | D:4      | Found a shimmering altar of Xom.
  2380 | D:4      | Found Fisimos's Antique Weapon Emporium.
  2430 | D:4      | Slain by a worker ant

Levels and vault maps discovered:
D:1:      shiori_arrival_oz, layout_basic, kennysheep_crisscross, hex_medium,
          chequers_serial_rivers_room_b, minmay_quantized
D:2:      layout_rooms, led_sif_pool, serial_corexii_hall,
          corexii_hall_statues_l, chequers_hall_statues_corner_a,
          chequers_hall_statues_y, chequers_hall_statues_wall_a,
          corexii_leaking_fountain, nemelex_dance_club_becter
D:3:      layout_loops_cross, serial_bayou_crossing
D:4:      layout_loops_ring, overflow_temple_1_default,
          cheibrodos_ashenzari_chains, serial_shops, nicolae_shop_behind_doors

Skill      XL: |  1  2  3  4  5 |
---------------+----------------+-----
Stealth        | 6 7 |  7.5
Dodging        | 2 |  2.3
Short Blades   | 3 |  3.1
Fighting       | |  2.2
Throwing       | |  2.5

Action                   |  1- 3 |  4- 6 || total
-------------------------+-------+-------++-------
Melee: Dagger            |    65 |    52 ||   117
       Constrict         |    16 |    12 ||    28
       Tentacles         |    10 |     9 ||    19
  Use: Potion            |       |     1 ||     1
 Stab: Sleeping          |    10 |    12 ||    22
  Eat: Chunk             |     2 |     3 ||     5
Armor: Skin              |     5 |     2 ||     7
Dodge: Dodged            |    33 |    31 ||    64

Table legend:
 A = Non-vault XP
 B = Vault XP
 C = Vault XP percentage of total XP
 D = Non-vault monster count
 E = Vault monster count
 F = Vault count percentage of total count
                 A         B        C        D         E       F
            +---------+---------+-------+---------+---------+-------
      Total |     241 |      20 |   7.7 |      59 |       7 |  10.6
            +---------+---------+-------+---------+---------+-------
        D:1 |      36 |      10 |  21.7 |      19 |       5 |  20.8
        D:2 |      58 |      10 |  14.7 |      19 |       2 |   9.5
        D:3 |      54 |       0 |   0.0 |      17 |       0 |   0.0
        D:4 |      93 |       0 |   0.0 |       4 |       0 |   0.0
            +---------+---------+-------+---------+---------+-------
